 Dungeon Crawl Stone Soup version 0.19.1-1-g22dce08 (webtiles) character file.

135 esteth the Charmwright (level 5, -1/38 HPs)
             Began as a Merfolk Skald on Jan 9, 2017.
             Slain by esteth's ghost (8 damage)
             ... on level 3 of the Dungeon.
             The game lasted 00:06:29 (3312 turns).

esteth the Charmwright (Merfolk Skald)              Turns: 3312, Time: 00:06:30

Health: -1/38      AC:  7    Str: 12    XL:     5   Next: 18%
Magic:  0/8        EV: 11    Int: 11    God:
Gold:   167        SH:  0    Dex: 15    Spells: 3 memorised, 2 levels left

rFire  . . .     SeeInvis .     a - +0 short sword
rCold  . . .     Gourm    .     b - +0 leather armour
rNeg   . . .     Faith    .     (no shield)
rPois  .         Spirit   .     (no helmet)
rElec  .         Reflect  .     i - +2 cloak
rCorr  .         Harm     .     r - +0 pair of gloves
MR     .....                    (no boots)
Stlth  +.........               (no amulet)
                                (no ring)
                                (no ring)

@: infused
A: change form in water, swift swim, stealthy swim
a: no special abilities


You were on level 3 of the Dungeon.
You were not hungry.

You visited 1 branch of the dungeon, and saw 3 of its levels.

You collected 167 gold pieces.

Inventory:

Hand Weapons
 a - a +0 short sword (weapon)
Armour
 b - a +0 leather armour (worn)
 i - a +2 cloak (worn)
 r - a +0 pair of gloves (worn)
Jewellery
 n - an uncursed ring of stealth {unknown}
 q - an uncursed ring of protection from fire {unknown}
Scrolls
 e - a scroll of fear
 f - a scroll of fog {unknown}
 o - a scroll of remove curse {unknown}
 p - a scroll of identify
Potions
 h - a potion of heal wounds {unknown}
 l - a potion of berserk rage {unknown}
Books
 c - a book of Battle

   Spells                             Type                      Level
   a - Infusion                       Charms                       1
   b - Shroud of Golubria             Charms/Translocation         2
   c - Song of Slaying                Charms                       2
   d - Spectral Weapon                Hexes/Charms                 3
   e - Regeneration                   Charms/Necromancy            3
Comestibles
 d - a bread ration {@e1}
 g - a slice of pizza
 j - a royal jelly
 k - 2 chunks of flesh {@w0}
 m - a beef jerky


   Skills:
 - Level 2.1 Fighting
 - Level 2.4 Short Blades
 - Level 0.6 Armour
 - Level 1.3 Dodging
 - Level 2.0 Spellcasting
 + Level 2.6 Hexes
 - Level 5.3 Charms


You had 2 spell levels left.
You knew the following spells:

 Your Spells              Type           Power        Failure   Level  Hunger
a - Infusion              Chrm           ##..         6%          1    ##.....
b - Song of Slaying       Chrm           ##......     10%         2    ###....
c - Spectral Weapon       Hex/Chrm       #.......     21%         3    ####...


Dungeon Overview and Level Annotations

Branches:
Dungeon (3/15)

Altars:
Okawaru
Xom

Annotations:
D:3 esteth's ghost, amateur HEFi


Message History

Your spectral weapon hits esteth's ghost.
Esteth's ghost hits you.
You hit esteth's ghost.
Esteth's ghost is heavily damaged.
Your spectral weapon hits esteth's ghost.
Esteth's ghost closely misses you.
You hit esteth's ghost but do no damage.
Esteth's ghost is severely damaged.
Your spectral weapon hits esteth's ghost.
Esteth's ghost barely misses you.
You hit esteth's ghost.
Esteth's ghost is severely damaged.
Your spectral weapon hits esteth's ghost.
Esteth's ghost hits you!
* * * LOW HITPOINT WARNING * * *
You hit esteth's ghost!
Esteth's ghost is almost destroyed.
Your spectral weapon hits esteth's ghost but does no damage.
Esteth's ghost hits you!
You die...

#.....# .......
######.....####.......
#..........').'.......
#.#........####.......
#......#.# ######.
#....###.#
#....###+#####
###.#.W÷.#.......#
...>..(@.(.......+
...####+#).......# ..
#............. .
###.........#.
#........#.#
.......(#._.
..........#.#
g..(.###....#.


You could see esteth's ghost and a friendly spectral short sword.

Vanquished Creatures
  Jessica (D:2)
  3 adders (D:2)
  An ooze (D:2)
  2 worms
  A dart slug (D:1)
  3 leopard geckos (D:1)
  2 ball pythons
  3 giant cockroaches
  5 goblins
  15 hobgoblins
  A jackal (D:2)
  8 kobolds
  A quokka (D:2)
  8 bats
  6 frilled lizards
  5 rats
65 creatures vanquished.

Notes
Turn   | Place    | Note
-------+----------+-------------------------------------------
     0 | D:1      | esteth the Merfolk Skald began the quest for the Orb.
     0 | D:1      | Reached XP level 1. HP: 16/16 MP: 3/3
   601 | D:1      | Reached XP level 2. HP: 20/22 MP: 5/5
   642 | D:1      | Reached skill level 4 in Charms
   980 | D:1      | Reached XP level 3. HP: 22/27 MP: 0/6
  1941 | D:2      | Reached skill level 5 in Charms
  2254 | D:2      | Reached XP level 4. HP: 28/33 MP: 7/7
  2261 | D:2      | Learned a level 2 spell: Song of Slaying
  2265 | D:2      | Learned a level 3 spell: Spectral Weapon
  2376 | D:2      | Reached skill level 1 in Hexes
  2413 | D:2      | Found a shimmering altar of Xom.
  2858 | D:3      | Found an iron altar of Okawaru.
  3139 | D:3      | Noticed Jessica
  3142 | D:3      | Noticed esteth's ghost (amateur HEFi)
  3173 | D:2      | Killed Jessica
  3173 | D:2      | Reached XP level 5. HP: 22/38 MP: 8/8
  3312 | D:3      | Slain by esteth's ghost

Skill      XL: |  1  2  3  4 |
---------------+-------------+-----
Charms         | 4 5 |  5.3
Hexes          | 2 |  2.6
Fighting       | |  2.1
Short Blades   | |  2.4
Armour         | |  0.6
Dodging        | |  1.3
Spellcasting   | |  2.0

Action                   |  1- 3 |  4- 6 || total
-------------------------+-------+-------++-------
Melee: Short sword       |   179 |   153 ||   332
 Cast: Infusion          |     2 |     2 ||     4
       Song of Slaying   |       |     1 ||     1
       Spectral Weapon   |       |     1 ||     1
  Use: Scroll            |     6 |       ||     6
  Eat: Chunk             |     4 |     4 ||     8
Armor: Leather armour    |    66 |    45 ||   111
Dodge: Dodged            |   119 |    76 ||   195
